 Dungeon Crawl Stone Soup version 0.22-a0-587-g7d32d7c (webtiles) character file.

10092 rgaf the Severer (level 11, -2/75 HPs)
             Began as a Human Berserker on July 3, 2018.
             Was a High Priest of Trog.
             Slain by a manticore (14 damage)
             ... on level 10 of the Dungeon.
             The game lasted 00:13:20 (11298 turns).

rgaf the Severer (Human Berserker)                 Turns: 11298, Time: 00:13:21

Health: -2/75      AC: 12    Str: 20    XL:     11   Next: 86%
Magic:  11/11      EV: 10    Int:  8    God:    Trog [*****.]
Gold:   580        SH:  0    Dex: 13    Spells: 10/10 levels left

rFire    . . .     SeeInvis .   D - +0 war axe
rCold    . . .     Gourm    .   (no shield)
rNeg     . . .     Faith    .   p - +0 scale mail
rPois    +         Spirit   .   (no helmet)
rElec    .         Reflect  .   F - +2 cloak
rCorr    .         Harm     .   x - +2 pair of gloves
MR       .....                  (no boots)
Stlth    ..........             (no amulet)
HPRegen  0.22/turn              e - ring of poison resistance
MPRegen  0.12/turn              (no ring)

@: barbed spikes
A: no striking features
a: Berserk, Trog's Hand, Brothers in Arms, Renounce Religion


You were on level 10 of the Dungeon.
You worshipped Trog.
Trog was extremely pleased with you.
You were near starving.

You visited 2 branches of the dungeon, and saw 11 of its levels.

You collected 580 gold pieces.

Inventory:

Hand Weapons
 a - a +0 hand axe
 D - a +0 war axe (weapon)
Armour
 b - a +0 animal skin
 f - a +0 pair of gloves
 p - a +0 scale mail (worn)
 x - a +2 pair of gloves (worn)
 F - a +2 cloak (worn)
 I - a +0 pair of gloves
Jewellery
 e - a ring of poison resistance (left hand)
 q - an uncursed ring of ice
 u - an uncursed ring of fire
 w - a +4 ring of intelligence {unknown}
 G - an uncursed ring of wizardry {unknown}
 J - an uncursed amulet of regeneration {unknown}
 L - an uncursed amulet of harm {unknown}
Wands
 g - a wand of clouds (4)
 h - a wand of paralysis (10)
 y - a wand of digging (24)
 A - a wand of iceblast (9)
 P - a wand of disintegration (19)
Scrolls
 d - 4 scrolls of immolation {unknown}
 i - 9 scrolls of identify {unknown}
 k - 3 scrolls of amnesia {unknown}
 l - 2 scrolls of magic mapping {unknown}
 r - 7 scrolls of blinking {unknown}
 s - a scroll of fog
 t - a scroll of teleportation
 C - a scroll of enchant weapon {unknown}
 K - a scroll of enchant armour {unknown}
 M - a scroll of noise {unknown}
 O - a scroll of fear
 Q - 2 scrolls of torment {unknown}
Potions
 j - 3 potions of agility {unknown}
 m - 6 potions of curing
 n - 2 potions of heal wounds {unknown}
 o - a potion of ambrosia {unknown}
 v - 2 potions of haste {unknown}
 z - a potion of berserk rage {unknown}
 B - 2 potions of degeneration {unknown}
 E - 2 potions of brilliance {unknown}
 H - a potion of might {unknown}
 N - a potion of lignification {unknown}
Comestibles
 c - 12 rations


   Skills:
 - Level 3.0 Fighting
 + Level 16.8 Axes
 - Level 2.0 Armour
 - Level 2.0 Dodging


You had 10 spell levels left.
You didn't know any spells.
Your spell library was empty.

Dungeon Overview and Level Annotations

Branches:
Dungeon (10/15)            Temple (0/1) D:5            Lair (0/6) D:8
    Orc (1/2) D:9

Altars:
Ashenzari
Cheibriados
Dithmenos
Elyvilon
Fedhas
Nemelex Xobeh
Qazlal
Ru
Trog
Uskayaw
Vehumet
Xom
Zin
The Shining One

Shops:
D:7 %   D:8 (


Message History

Trog accepts your kill.
You closely miss the manticore.
The manticore is moderately wounded.
The manticore bites you!
The manticore claws you but does no damage.
The manticore claws you!
You slash the manticore!
The manticore is severely wounded.
The manticore bites you!!
* * * LOW HITPOINT WARNING * * *
The manticore closely misses you. The manticore barely misses you.
You hit the manticore.
The manticore is severely wounded.
The manticore bites you but does no damage.
The manticore claws you but does no damage.
The manticore claws you.
* * * LOW HITPOINT WARNING * * *
Okay, then.
It was a potion of curing.
You feel better. The manticore bites you!
You die...

#.......# #.......#
#.......# #.......#
#.......# #.......#
###############.†.....##
.)..............@H......
#####.#####.######......
#.# #.# ..... #.# #.#
.... #.# #.# ... #####.#
#.# .. ......# #.# .
#####.# #.# #.#


You could see a manticore.

Vanquished Creatures
  4 death yaks (D:8)
  The ghost of sparklingmilk the Bolt Thrower, a novice MiHu of Okawaru (D:4)
  A troll (D:10)
  A hippogriff (D:9)
  A yak (D:8)
  2 hungry ghosts
  4 vampire mosquitoes (D:9)
  3 sky beasts
  A hornet zombie (D:9)
  2 ice beasts (D:8)
  5 orc warriors
  2 phantoms
  A black bear (D:8)
  8 ogres
  6 centaurs
  2 bullfrogs
  4 scorpions
  A water moccasin skeleton (D:4)
  10 killer bees
  10 wights
  2 howler monkeys
  A crimson imp (D:6)
  3 jellies
  4 hounds
  7 orc priests
  Crazy Yiuf (D:7)
  An iguana (D:8)
  3 centaur skeletons
  9 orc wizards
  4 worker ants
  A hound skeleton (D:5)
  A howler monkey zombie (D:8)
  A worker ant zombie (D:6)
  11 adders
  A howler monkey skeleton (D:5)
  A shadow imp (D:7)
  2 oozes
  An adder zombie (D:6)
  3 adder skeletons
  4 worms
  3 dart slugs
  7 leopard geckos
  24 orcs
  4 ball pythons
  6 bats
  5 giant cockroaches
  8 goblins
  9 hobgoblins
  8 jackals
  7 kobolds
  5 quokkas
  3 frilled lizards
  A quokka skeleton (D:5)
  A quokka zombie (D:5)
  7 rats
228 creatures vanquished.

Vanquished Creatures (collateral kills)
  A two-headed ogre (D:8)
  A death yak (D:8)
  A phantom (D:8)
  A jelly (D:8)
4 creatures vanquished.

Grand Total: 232 creatures vanquished

Notes
Turn   | Place    | Note
-------+----------+-------------------------------------------
     0 | D:1      | rgaf the Human Berserker began the quest for the Orb.
     0 | D:1      | Reached XP level 1. HP: 18/18 MP: 1/1
   164 | D:1      | Reached XP level 2. HP: 22/24 MP: 2/2
   662 | D:2      | Found a sparkling altar of Nemelex Xobeh.
   662 | D:2      | Found a shadowy altar of Dithmenos.
   663 | D:2      | Found a radiant altar of Vehumet.
   695 | D:2      | Found a shimmering altar of Xom.
   740 | D:2      | Reached skill level 4 in Axes
   740 | D:2      | Reached XP level 3. HP: 12/29 MP: 3/3
  1105 | D:2      | Found a shattered altar of Ashenzari.
  1422 | D:2      | Found a snail-covered altar of Cheibriados.
  1549 | D:3      | Reached ** piety under Trog
  1549 | D:3      | Reached XP level 4. HP: 35/35 MP: 4/4
  1552 | D:3      | Reached skill level 5 in Axes
  1850 | D:3      | Found a glowing silver altar of Zin.
  1852 | D:3      | Found a shimmering altar of Xom.
  1852 | D:3      | Found a hide-covered altar of Uskayaw.
  1854 | D:3      | Found a white marble altar of Elyvilon.
  1854 | D:3      | Found a bloodstained altar of Trog.
  1854 | D:3      | Found a hide-covered altar of Uskayaw.
  1984 | D:3      | Reached XP level 5. HP: 41/41 MP: 5/5
  2468 | D:3      | Found a blossoming altar of Fedhas.
  2670 | D:4      | Noticed an ogre
  2679 | D:4      | Killed an ogre
  2679 | D:4      | Reached skill level 6 in Axes
  2679 | D:4      | Reached XP level 6. HP: 47/47 MP: 6/6
  2679 | D:4      | Noticed a phantom
  3050 | D:4      | Killed a phantom
  3050 | D:4      | Reached skill level 7 in Axes
  3199 | D:4      | Found a large runed door.
  3199 | D:4      | Found a large runed door.
  3209 | D:4      | Noticed sparklingmilk's ghost (novice MiHu)
  3312 | D:4      | Killed sparklingmilk's ghost
  3312 | D:4      | Reached skill level 8 in Axes
  3312 | D:4      | Reached XP level 7. HP: 52/52 MP: 7/7
  3387 | D:5      | Entered Level 5 of the Dungeon
  3395 | D:5      | Found a staircase to the Ecumenical Temple.
  3415 | D:5      | Reached skill level 9 in Axes
  3415 | D:5      | Reached XP level 8. HP: 58/58 MP: 8/8
  3661 | D:5      | Reached *** piety under Trog
  3864 | D:5      | Found a sacrificial altar of Ru.
  3913 | D:5      | Found a glowing golden altar of the Shining One.
  4888 | D:6      | Reached skill level 10 in Axes
  5385 | D:6      | Reached XP level 9. HP: 63/63 MP: 9/9
  5393 | D:6      | Reached skill level 11 in Axes
  5883 | D:6      | Reached **** piety under Trog
  6287 | D:7      | Received a gift from Trog
  6357 | D:7      | Found a runed door.
  6540 | D:7      | Noticed Crazy Yiuf
  6549 | D:7      | Killed Crazy Yiuf
  6549 | D:7      | Reached skill level 12 in Axes
  7109 | D:7      | Found Daex's Food Emporium.
  7452 | D:8      | Reached XP level 10. HP: 70/70 MP: 10/10
  7455 | D:8      | Noticed a death yak
  7484 | D:8      | Killed a death yak
  7484 | D:8      | Reached skill level 13 in Axes
  7567 | D:8      | Noticed a death yak
  7574 | D:8      | Noticed a two-headed ogre
  7574 | D:8      | Noticed a death yak
  7576 | D:8      | Noticed a death yak
  7606 | D:8      | Killed a two-headed ogre
  7606 | D:8      | Reached skill level 14 in Axes
  7611 | D:8      | Killed a death yak
  8020 | D:8      | Found a staircase to the Lair.
  8045 | D:8      | Noticed a death yak
  8092 | D:8      | Killed a death yak
  8104 | D:8      | Killed a death yak
  8104 | D:8      | Reached skill level 15 in Axes
  8104 | D:8      | Reached XP level 11. HP: 75/75 MP: 11/11
  8143 | D:8      | Killed a death yak
  8390 | D:8      | Found Viph's Antique Weapon Emporium.
  8458 | D:8      | Found a stormy altar of Qazlal.
  9252 | D:9      | Reached skill level 16 in Axes
  9351 | D:9      | Found a staircase to the Orcish Mines.
  9778 | D:9      | Reached ***** piety under Trog
 11009 | Orc:1    | Entered Level 1 of the Orcish Mines
 11046 | D:10     | Entered Level 10 of the Dungeon
 11289 | D:10     | Noticed a manticore
 11298 | D:10     | Slain by a manticore

Vault maps used:
D:1:      nzn_arrival_depleted_hourglass
D:2:      lemuel_doored_altar, lemuel_crystal_altar, grunt_temple_overflow_open,
          kennysheep_slug_shrine
D:3:      fedhas_altar_3, st_stairs_1, kennysheep_donut, doesnt_xom_only_xom
D:4:      ebering_ghost_disaster_area
D:5:      nicolae_ru_great_annihilating_truth, lemuel_round_altar,
          minmay_temple_entry_glass, first_ration
D:7:      serial_shops, shop, uniq_crazy_yiuf_cottage
D:8:      old_standard_altar, dpeg_lair_monsters, serial_shops, shop
D:9:      erik_orc_3
D:10:     nicolae_trove_entry_crystal
Orc:1:    uniq_erica

Skill      XL: |  1  2  3  4  5  6  7  8  9 10 11 |
---------------+----------------------------------+-----
Axes           | 4 5 6 8 9 10 12 15 16 | 16.8
Fighting       | |  3.0
Armour         | |  2.0
Dodging        | |  2.0

Action                   |  1- 3 |  4- 6 |  7- 9 | 10-12 || total
-------------------------+-------+-------+-------+-------++-------
Melee: Hand axe          |    94 |   142 |   183 |       ||   419
       War axe           |       |       |   201 |   345 ||   546
Invok: Berserk           |     3 |     4 |     9 |    10 ||    26
       Brothers in Arms  |       |       |       |     1 ||     1
  Use: Scroll            |       |       |     5 |     1 ||     6
       Potion            |       |       |       |     1 ||     1
 Stab: Paralysed         |       |       |     1 |       ||     1
  Eat: Chunk             |     4 |     6 |    23 |    16 ||    49
       Ration            |       |     1 |       |     4 ||     5
Armor: Animal skin       |    24 |       |       |       ||    24
       Scale mail        |     5 |    55 |   145 |   136 ||   341
Dodge: Dodged            |    58 |    67 |   164 |   130 ||   419

Table legend:
 A = Spawn XP
 B = Non-spawn XP
 C = Spawn XP percentage of total XP
 D = Spawn monster count
 E = Non-spawn monster count
 F = Spawn count percentage of total count
 G = Total turns spent on level
                    A         B        C        D         E        F      G
               +---------+---------+-------+---------+---------+-------+---------
         Total |       0 |   14418 |   0.0 |       0 |     232 |   0.0 | 11298
               +---------+---------+-------+---------+---------+-------+---------
           D:1 |       0 |      25 |   0.0 |       0 |      13 |   0.0 |   662
           D:2 |       0 |      32 |   0.0 |       0 |      13 |   0.0 |   834
           D:3 |       0 |     115 |   0.0 |       0 |      30 |   0.0 |  1155
           D:4 |       0 |     770 |   0.0 |       0 |      11 |   0.0 |   736
           D:5 |       0 |     438 |   0.0 |       0 |      23 |   0.0 |  1025
           D:6 |       0 |    1027 |   0.0 |       0 |      29 |   0.0 |  1788
           D:7 |       0 |    1175 |   0.0 |       0 |      22 |   0.0 |   967
           D:8 |       0 |    6609 |   0.0 |       0 |      35 |   0.0 |  2044
           D:9 |       0 |    3383 |   0.0 |       0 |      50 |   0.0 |  1832
          D:10 |       0 |     719 |   0.0 |       0 |       5 |   0.0 |   242
         Orc:1 |       0 |     125 |   0.0 |       0 |       1 |   0.0 |    13
               +---------+---------+-------+---------+---------+-------+---------
